 Dungeon Crawl Stone Soup version bcrawl-1.15.1 (webtiles) character file.

Game seed: 15191485744380490912

72 Kairok the Sneak (level 4, -10/26 HPs)
             Began as a Vine Stalker Rogue on Sept 26, 2019.
             Killed by divine providence
             ... invoked by an orc priest
              (11 damage)
             ... on level 3 of the Dungeon.
             The game lasted 00:03:41 (1699 turns).

Kairok the Sneak (Vine Stalker Rogue)               Turns: 1699, Time: 00:03:42

Health: -10/26     AC:  7    Str: 14    XL:     4   Next: 26%
Magic:  6/6        EV:  9    Int: 14    God:
Gold:   145        SH:  6    Dex: 16    Spells: 3/3 levels left

rFire    . . .     SeeInvis .   a - +2 dagger
rCold    + . .     Gourm    .   (no shield)
rNeg     . . .     Faith    .   l - +0 scale mail {rC+}
rPois    .         Spirit   .   (no helmet)
rElec    .         Reflect  +   d - +0 cloak
rCorr    .         Harm     .   (no gloves)
MR       .....                  (no boots)
Stlth    ++........             q - +6 amulet of reflection
HPRegen  0.48/turn              s - +3 ring of intelligence
MPRegen  0.10/turn              (no ring)

@: no status effects
A: fangs 2, regeneration 1, no potion heal 3, rot immunity, strong jaws
a: no special abilities


You were on level 3 of the Dungeon.
You were hungry.

You visited 1 branch of the dungeon, and saw 3 of its levels.

You collected 145 gold pieces.

Inventory:

Hand Weapons
 a - a +2 dagger (weapon)
 b - a +0 blowgun
Missiles
 e - 241 poisoned needles
 t - 62 tomahawks (quivered)
Armour
 c - a +0 robe
 d - a +0 cloak (worn)
 l - a +0 scale mail of cold resistance (worn)
 m - a cursed +0 ring mail
Jewellery
 q - a +6 amulet of reflection (around neck)
 s - a +3 ring of intelligence (left hand)
Wands
 f - a wand of flame (9)
 g - a wand of enslavement (15)
Scrolls
 i - 2 scrolls of teleportation
 j - a scroll of amnesia {unknown}
 k - a scroll of enchant weapon {unknown}
 n - a scroll of remove curse {unknown}
 u - a scroll of fear {unknown}
Potions
 o - a potion of invisibility
 p - 2 potions of magic
Comestibles
 h - 6 rations {!d}


   Skills:
 + Level 2.2 Fighting
 + Level 2.5 Short Blades
 + Level 0.2 Throwing
 + Level 0.2 Armour
 + Level 0.7 Dodging
 + Level 6.9 Stealth
 + Level 1.8 Evocations


You had 3 spell levels left.
You didn't know any spells.
Your spell library was empty.

Dungeon Overview and Level Annotations

Branches:
Dungeon (3/12)

Altars:
Uskayaw
The Shining One


Innate Abilities, Weirdness & Mutations

You have extremely sharp teeth.
Your natural rate of healing is unusually fast.
Potions cannot restore your health.
You are immune to rotting.
Your bites deal extra damage.


Message History

Aim: an orc priest, wielding a +0 trident and wearing a +0 chain mail (severely wounded)
The puff of flame hits the orc priest.
The orc priest is almost dead.
The orc hits you with a +0 dagger. The orc priest barely misses you.
Evoke which item? (* to show all) (? for menu, Esc to quit)
Aiming: Throw Flame
Press: ? - help, Shift-Dir - straight line, f/p - orc priest
Aim: an orc priest, wielding a +0 trident and wearing a +0 chain mail (almost dead)
The puff of flame hits the orc priest.
The orc priest appears unharmed.
The orc priest is almost dead.
The orc hits you but does no damage.
The orc priest hits you with a +0 trident!
* * * LOW HITPOINT WARNING * * *
You hit the orc priest but do no damage.
You bite the orc priest, but do no damage.
The orc priest is almost dead.
You block the orc's attack.
The orc priest calls down the wrath of Beogh upon you.
Beogh smites you!
You die...

#.#.. ..#
#.#.#####.#
#.........#
#.........#
#.........#
#.........#
#.#o#####.##########
#.#o# #.#.........
#o#@# #.#.########
#o#o# #.#.########
##########.#.#
#)#.........
......)....#.#
#.##........
.............#
#...........
.............#
####.......†
................
>#########
##########.#..## .#
# #.#..####.# #


You could see an orc priest and 2 orcs.

Vanquished Creatures
  An adder (D:3)
  2 oozes
  A worm (D:2)
  2 dart slugs
  3 orcs
  4 giant cockroaches
  8 hobgoblins
  2 jackals (D:3)
  A quokka (D:1)
  A ball python (D:2)
  3 bats (D:2)
  3 frilled lizards
  2 jackal zombies
  7 kobolds
  A quokka zombie (D:1)
  3 rats
44 creatures vanquished.

Vanquished Creatures (others)
  A kobold (D:3)
1 creature vanquished.

Grand Total: 45 creatures vanquished

Notes
Turn   | Place    | Note
-------+----------+-------------------------------------------
     0 | D:1      | Kairok the Vine Stalker Rogue began the quest for the Orb.
     0 | D:1      | Reached XP level 1. HP: 12/12 MP: 3/3
    56 | D:1      | Reached skill level 6 in Stealth
   107 | D:1      | Reached XP level 2. HP: 17/17 MP: 4/4
   584 | D:2      | Reached XP level 3. HP: 21/21 MP: 5/5
   964 | D:2      | Found a glowing golden altar of the Shining One.
  1372 | D:3      | Found a hide-covered altar of Uskayaw.
  1519 | D:3      | Reached XP level 4. HP: 26/26 MP: 6/6
  1698 | D:3      | HP: 1/26 [orc priest/+0 trident (8)]
  1699 | D:3      | Killed from afar by an orc priest

Skill      XL: |  1  2 |
---------------+-------+-----
Stealth        | 6 |  6.9
Fighting       | 2 |  2.2
Short Blades   | 2 |  2.5
Throwing       | |  0.2
Armour         | |  0.2
Dodging        | |  0.7
Evocations     | |  1.8

Action                   |  1- 3 |  4- 6 || total
-------------------------+-------+-------++-------
Melee: Dagger            |   143 |    29 ||   172
       Bite              |    18 |     3 ||    21
Throw: Tomahawk          |    14 |       ||    14
Evoke: Wand              |       |     6 ||     6
  Use: Scroll            |     3 |       ||     3
       Potion            |     1 |       ||     1
 Stab: Sleeping          |     5 |       ||     5
  Eat: Chunk             |     2 |       ||     2
Armor: Scale mail        |    46 |    16 ||    62
       Robe              |     1 |       ||     1
Dodge: Dodged            |    43 |    18 ||    61
Block: Other             |    16 |    14 ||    30
       Reflection        |       |     3 ||     3
